 Dungeon Crawl Stone Soup version 0.28.0-1-gb440e238dd (webtiles) character file.

Game seed: 16317531858376618393

1339 Morbidden the Chopper (level 8, -5/62 HPs)
             Began as a Demonspawn Fighter on Feb 21, 2022.
             Killed by divine providence
             ... invoked by an orc priest
              (9 damage)
             ... on level 6 of the Dungeon.
             The game lasted 00:08:09 (5084 turns).

Morbidden the Chopper (Demonspawn Fighter)          Turns: 5084, Time: 00:08:10

Health: -5/62      AC:  8    Str: 20    XL:     8   Next: 35%
Magic:  11/11      EV: 13    Int:  9    God:
Gold:   162        SH:  5    Dex: 14    Spells: 8/11 levels left

rFire   . . .      SeeInvis .   b - +0 war axe
rCold   . . .      Faith    .   c - +0 buckler
rNeg    . . .      Spirit   .   q - +1 scale mail of Defiance {*Corrode Regen+ Str+2}
rPois   .          Reflect  .   (no helmet)
rElec   .          Harm     .   (no cloak)
rCorr   .          Rampage  .   (no gloves)
Will    .....                   (no boots)
Stlth   ..........              (no amulet)
HPRegen 1.00/turn               (no ring)
MPRegen 0.24/turn               (no ring)

@: studying Conjurations, invisible
A: hooves 2, repulsion field 2, magic regeneration
a: no special abilities


You were on level 6 of the Dungeon.
You visited 1 branch of the dungeon, and saw 6 of its levels.
You also visited: Sewer.

You collected 162 gold pieces.

Inventory:

Hand Weapons
 a - a +0 long sword
 b - a +0 war axe (weapon)
Missiles
 o - 56 sling bullets
 r - 5 poisoned darts (quivered)
 v - 2 throwing nets
Armour
 c - a +0 buckler (worn)
 q - the +1 scale mail of Defiance (worn) {*Corrode Regen+ Str+2}
   (You found it on level 2 of the Dungeon)

   Str:       It affects your strength (+2).
   Regen:     It increases your rate of health regeneration.
   *Corrode:  It may corrode you when you take damage.
Wands
 l - a wand of digging (5)
 y - a wand of iceblast (10)
Scrolls
 e - a scroll of vulnerability
 g - 2 scrolls of teleportation
 h - a scroll of enchant weapon {unknown}
 n - a scroll of magic mapping
 s - 2 scrolls of identify {unknown}
 B - a scroll of fear {unknown}
Potions
 d - a potion of might
 f - a potion of degeneration {unknown}
 i - a potion of curing
 j - 2 potions of brilliance {unknown}
 k - 2 potions of invisibility
 m - 2 potions of resistance {unknown}
 p - a potion of lignification {unknown}
 t - a potion of attraction {unknown}
 u - a potion of ambrosia {unknown}
 w - a potion of flight {unknown}
 x - 3 potions of cancellation {unknown}
 z - a potion of mutation {unknown}
 A - a potion of haste {unknown}


   Skills:
 * Level 5.0 Fighting
 + Level 2.5 Long Blades
 * Level 5.2 Axes
 + Level 3.8 Armour
 * Level 2.5 Dodging
 + Level 3.2 Shields
 * Level 2.0 Spellcasting
 * Level 3.5 Conjurations
 * Level 2.4 Earth Magic


You had 8 spell levels left.
You knew the following spells:

 Your Spells              Type           Power      Damage    Failure   Level
a - Stone Arrow           Conj/Erth      12%        3d7       73%         3

Your spell library contained the following spells:

 Spells                   Type           Power      Damage    Failure   Level
 Pain                     Necr           0%         1d4       77%         1
 Animate Armour           Summ/Erth      6%         N/A       100%        4
 Agony                    Necr           0%         N/A       100%        5
 Excruciating Wounds      Necr           0%         N/A       100%        5
 Lehudib's Crystal Spear  Conj/Erth      3%         10d2      100%        8


Dungeon Overview and Level Annotations

Branches:
Dungeon (6/15)              Sewer (visited)
 Temple: D:4-7

Altars:

Shops:
D:2 (

Annotations:
D:3 2 runed translucent doors, Migumi's ghost, amateur TrMo


Innate Abilities, Weirdness & Mutations

You have hoof-like feet.
You are surrounded by a moderate repulsion field. (EV +3)
You regenerate magic rapidly.


Message History

There are monsters nearby!
Found a stone staircase leading up.
The orc priest invokes the aid of Beogh against you.
Beogh smites you!
You barely miss the orc wizard.
The orc wizard points at you and mumbles some strange words.
The magic dart hits you.
You closely miss the orc priest. You barely miss the orc wizard.
The orc wizard hits you with a +2 dagger of electrocution.
The orc wizard misses you.
Unknown command.
Unknown command.
Okay, then.
You fade into invisibility!
The orc priest invokes the aid of Beogh against you.
The orc priest writhes in agony.
The orc priest hits you but does no damage. x2
The orc wizard hits you but does no damage.
You are electrocuted!
Unknown command.
You closely miss the orc priest. You kick the orc priest.
The orc priest is moderately wounded.
You closely miss the orc priest. You hit the orc wizard.
The orc priest hits you with a +0 dagger.
The orc priest closely misses you.
The orc wizard hits you but does no damage.
The orc priest barely misses you.
Unknown command.
Unknown command.
You hit the orc priest but do no damage.
You kick the orc priest.
The orc priest is heavily wounded.
You completely miss the orc wizard. You hit the orc priest.
The orc priest misses you.
The orc wizard hits you with a +2 dagger of electrocution.
You are electrocuted!!
* * * LOW HITPOINT WARNING * * *
The orc priest calls down the wrath of Beogh upon you.
Beogh smites you!
You die...

<...... .......
#...... #.....
#....o##
#......#
#....oo###
#.....@o.######
###.#..........#
...............#
.....#.........#
.....#.........#
.....#.........#
.......<.......#
###.#.....<...(#
# #..........#


You could see 3 orc priests and an orc wizard.

Vanquished Creatures
  A sky beast (D:5)
  2 black bears (D:4)
  3 centaurs (D:5)
  2 phantoms
  A scorpion (D:5)
  A water moccasin zombie (D:5)
  4 jellies
  4 hounds
  3 iguanas
  An orc wizard (D:5)
  3 gnolls (D:2)
  A howler monkey skeleton (D:5)
  5 adders
  A river rat (Sewer)
  4 worms
  3 dart slugs
  10 orcs
  5 bats
  16 endoplasms
  11 giant cockroaches
  11 goblins
  5 hobgoblins
  10 kobolds
  A quokka (D:2)
  8 ball pythons
  7 frilled lizards
  6 rats
129 creatures vanquished.

Notes
Turn   | Place    | Note
-------+----------+-------------------------------------------
     0 | D:1      | Morbidden the Demonspawn Fighter began the quest for the
                  | Orb.
     0 | D:1      | Reached XP level 1. HP: 18/18 MP: 1/1
   275 | D:1      | Gained mutation: You have large cloven feet. [demonic
                  | ancestry]
   275 | D:1      | Reached XP level 2. HP: 17/24 MP: 2/2
  1058 | D:1      | Gained mutation: You are surrounded by a mild repulsion
                  | field. (EV +2) [demonic ancestry]
  1058 | D:1      | Reached XP level 3. HP: 27/29 MP: 3/3
  1159 | D:1      | Found a faded altar of an unknown god.
  1626 | D:2      | Found Ceaghagh's Weapon Emporium.
  1676 | D:2      | Reached skill level 1 in Dodging
  1679 | D:2      | Reached XP level 4. HP: 23/36 MP: 4/4
  1973 | D:2      | Reached skill level 1 in Axes
  2352 | D:2      | You fall into a shaft and drop 1 floor!
  2711 | D:2      | Identified the +1 scale mail of Defiance {*Corrode Regen+
                  | Str+2}
  3116 | D:3      | Reached XP level 5. HP: 42/42 MP: 5/5
  3144 | D:3      | Learned a level 3 spell: Stone Arrow
  3222 | D:3      | Found a large runed translucent door.
  3222 | D:3      | Found a large runed translucent door.
  3228 | D:3      | Noticed Migumi's ghost (amateur TrMo)
  3386 | D:4      | Noticed a black bear
  3387 | D:4      | Noticed a phantom
  3599 | D:3      | Reached skill level 1 in Earth Magic
  3719 | D:3      | Killed a phantom
  3720 | D:3      | Gained mutation: You have hoof-like feet. [demonic
                  | ancestry]
  3720 | D:3      | Reached XP level 6. HP: 39/48 MP: 6/6
  3782 | D:4      | Identified the +9 mace of Zewuyj {flame, Fly rPois Will-
                  | Str-4}
  3956 | D:4      | Reached skill level 1 in Spellcasting
  3956 | D:4      | Reached skill level 1 in Conjurations
  4009 | D:4      | Gained mutation: You are surrounded by a moderate repulsion
                  | field. (EV +3) [demonic ancestry]
  4009 | D:4      | Reached XP level 7. HP: 23/54 MP: 8/8
  4146 | D:5      | Entered Level 5 of the Dungeon
  4406 | D:5      | Found a glowing drain.
  4416 | Sewer    | Entered a sewer
  4597 | Sewer    | Gained mutation: You regenerate magic rapidly. [demonic
                  | ancestry]
  4597 | Sewer    | Reached XP level 8. HP: 18/61 MP: 10/10
  4645 | Sewer    | Found a viscous altar of Jiyva.
  4839 | D:5      | Reached skill level 5 in Fighting
  4839 | D:5      | Reached skill level 5 in Axes
  5084 | D:6      | Killed from afar by an orc priest

Illustrated notes

Levels and vault maps discovered:
D:1:      dpeg_arrival_leaves_temple_mockup, layout_loops_ring,
          ebering_ecumenical_altar_webs, minmay_misc_feat_tower, chequers_jeans
D:2:      minmay_inner_zag, layout_basic, serial_shops, shop
D:3:      layout_basic, ebering_ghost_disaster_area
D:4:      layout_cave_pools
D:5:      layout_cave_pools, cheibrodos_sewer_entry_bend, minmay_manual_mares
D:6:      layout_rooms

Skill      XL: |  1  2  3  4  5  6  7  8 |
---------------+-------------------------+-----
Long Blades    | 2 |  2.5
Shields        | 3 |  3.2
Dodging        | 1 2 |  2.5
Armour         | 3 |  3.8
Axes           | 2 3 4 5 |  5.2
Earth Magic    | 1 2 |  2.4
Spellcasting   | 1 2 |  2.0
Conjurations   | 1 2 3 |  3.5
Fighting       | 4 5 |  5.0

Action                   |  1- 3 |  4- 6 |  7- 9 || total
-------------------------+-------+-------+-------++-------
Melee: Long sword        |    65 |       |       ||    65
       Kick              |    14 |    36 |    49 ||    99
       War axe           |    19 |   151 |   158 ||   328
  Use: Scroll            |       |     2 |     1 ||     3
       Potion            |       |       |     3 ||     3
Armor: Scale mail        |    34 |    37 |    81 ||   152
       Chain mail        |       |    18 |       ||    18
Dodge: Dodged            |    46 |   108 |   122 ||   276
Block: Buckler           |    16 |    30 |    45 ||    91
